 Dungeon Crawl Stone Soup version 0.29.0-4-gdea44cf6ec (webtiles) character file.

Game seed: 7298374309385821307

6662 qw the Grappler (level 10, -2/92 HPs)
             Began as a Troll Cinder Acolyte on Sept 1, 2022.
             Was a Follower of Okawaru.
             Slain by a fire elemental (8 damage)
             ... created by the fiery vengeance of Ignis
             ... on level 9 of the Dungeon.
             The game lasted 00:03:56 (8205 turns).

qw the Grappler (Troll Cinder Acolyte)              Turns: 8205, Time: 00:03:56

Health: -2/92      AC:  9    Str: 25      XL:     10   Next: 73%
Magic:  7/9        EV: 11    Int: 11 (14) God:    Okawaru [*.....]
Gold:   375        SH: 11    Dex: 10      Spells: 11/11 levels left

rFire   . . .      SeeInvis +     - Unarmed
rCold   . . .      Faith    .   j - +0 kite shield
rNeg    . . .      Spirit   .   e - +0 steam dragon scales
rPois   .          Reflect  .   (helmet restricted)
rElec   .          Harm     .   c - +0 cloak of Insecurity {Rampage SInv}
rCorr   .          Rampage  +   (gloves unavailable)
Will    .....                   (boots unavailable)
Stlth   +++.......              (no amulet)
HPRegen 1.05/turn               g - +6 ring of dexterity
MPRegen 0.11/turn               (no ring)

@: heroic, fire susceptible
A: large, unfitting armour, claws 3, regeneration 1, shaggy fur 1, tough skin 1,
clever 1, low MP 1, weak 1
a: Renounce Religion, Heroism


You were on level 9 of the Dungeon.
You worshipped Okawaru.
Okawaru was aware of your devotion.
You visited 2 branches of the dungeon, and saw 10 of its levels.

You collected 375 gold pieces.


Innate Abilities, Weirdness & Mutations

You are too large for most types of armour.
You have claws for hands.
Your natural rate of healing is unusually fast.
You are covered in fur. (AC +1)
You have tough skin. (AC +1)
Your mind is acute. (Int +4, Str/Dex -1)
Your magical capacity is low. (-10% MP)
You are weak. (Str -2)


   Skills:
 - Level 4.0(9.0) Fighting
 - Level 4.2(9.2) Throwing
 - Level 1.2(6.2) Armour
 - Level 2.0(7.0) Dodging
 - Level 9.0(14.0) Shields
 + Level 11.3(16.3) Unarmed Combat
 - Level 1.0 Spellcasting
 - Level 2.1 Fire Magic
 + Level 2.0 Invocations


You had 11 spell levels left.
You didn't know any spells.
Your spell library contained the following spells:

 Spells                   Type           Power      Damage    Failure   Level
 Scorch                   Fire           10%        2d6       32%         2

Inventory:

Missiles
 d - 4 javelins
 k - 2 boomerangs (quivered)
Armour
 c - the +0 cloak of Insecurity (worn) {Rampage SInv}
   (You acquired it on level 1 of the Dungeon)

   SInv:      It lets you see invisible.
   Rampage:   It bestows one free step when moving towards enemies.
 e - +0 steam dragon scales (worn)
 j - a +0 kite shield (worn)
Jewellery
 g - a +6 ring of dexterity (left claw)
Scrolls
 a - a scroll of teleportation
 f - 2 scrolls of identify
 h - a scroll of butterflies {unknown}
 l - a scroll of enchant weapon {unknown}
 n - a scroll of magic mapping {unknown}
 q - a scroll of immolation {unknown}
Potions
 b - 2 potions of curing
 i - 2 potions of mutation
 m - a potion of might
 o - a potion of berserk rage {unknown}
 p - a potion of brilliance {unknown}

Dungeon Overview and Level Annotations

Branches:
Dungeon (9/15)             Temple (1/1) D:4             Orc (0/2) D:9
   Lair: D:8-11

Altars:
Elyvilon
Gozag
Kikubaaqudgha
Okawaru
Ru
Trog
Uskayaw
Vehumet
Wu Jian
Xom
Yredelemnul
Zin
The Shining One

Shops:
D:5 :   D:7 :

Annotations:
D:6 1 runed translucent door, Crazy Yiuf
D:8 1 transporter


Message History

Enter note:
Found a stone staircase leading up.
There is an open door here.
Enter note:
Enter note:
Enter note:
Enter note:
Enter note: You open the door.
There is an open door here.
There is a stone staircase leading up here. "Burn!
Burn until nothing is left!" 3 fire elementals come into view.
Enter note:
Enter note:
Enter note:
Enter note: You closely miss the fire elemental.
You closely miss the fire elemental. The fire elemental hits you.
The fire elemental burns you! The fire elemental hits you.
The fire elemental burns you!
You closely miss the fire elemental. The fire elemental hits you.
The fire elemental burns you! The fire elemental hits you.
The fire elemental burns you! The fire elemental barely misses you.
8203 ||| INVOKING Heroism.
You gain the combat prowess of a mighty hero.
The fire elemental hits you. The fire elemental burns you!
The fire elemental barely misses you. The fire elemental hits you.
The fire elemental burns you!
You scratch the fire elemental.
The fire elemental is lightly damaged.
The fire elemental hits you. The fire elemental burns you!
The fire elemental barely misses you. You block the fire elemental's attack.
You scratch the fire elemental.
The fire elemental is moderately damaged.
The fire elemental hits you. The fire elemental burns you!
The fire elemental hits you. The fire elemental burns you!
The fire elemental hits you. The fire elemental burns you!
You die...

#.)............# .......#.......
#).............#.#.......'.......
#..............#.#.......#..####.
#...#####.....##.#.......#..#..#.
#...# #.....#..#.......#..#..#.
#...# #.....#..#.......#..#..'.
##..# #.....#0.#.......#..'####
.#))##+##.....#.E######'##..##...
.#)...........#E@E.....<....##...
##)...>.......#####.........#....
')................#...........8..
#)................#..............
#...........#####.#..........#...
######.####.....#.#..........#...
. #.# #.###.#.#........(.#### #
..#.# ##.###.#.#..............
..'.###...##.#.#........######


You could see 3 fire elementals.

Vanquished Creatures
  A two-headed ogre (D:9)
  Pikel (D:4)
  Joseph (D:7)
  A gargoyle (D:5)
  Maggie (D:8)
  Psyche (D:8)
  A kobold demonologist (D:9)
  3 steam dragons
  6 yaks
  Menkaure (D:6)
  An acid dragon (D:8)
  Duvessa (D:7)
  2 orc warriors
  An ogre (D:7)
  5 centaurs
  3 kobold brigands (D:9)
  A phantom (D:4)
  3 bullfrogs (D:8)
  A gnoll sergeant (D:5)
  4 wights (D:8)
  Dowan (D:7)
  6 killer bees (D:9)
  2 jellies
  An orc priest (D:9)
  A gnoll bouda (D:7)
  3 hounds
  2 iguanas
  8 orc wizards
  Natasha (thrice) (D:2)
  Robin (D:2)
  16 gnolls
  5 adders
  3 ufetubi
  A worm (D:2)
  3 dart slugs
  38 orcs
  4 ball pythons
  7 endoplasms
  2 giant cockroaches (D:4)
  6 hobgoblins
  3 jackals (D:3)
  7 quokkas
  8 bats
  3 frilled lizards
  13 goblins
  10 kobolds
  6 rats
202 creatures vanquished.

Notes
Turn   | Place    | Note
-------+----------+-------------------------------------------
     0 | D:1      | qw the Troll Cinder Acolyte began the quest for the Orb.
     0 | D:1      | Reached XP level 1. HP: 22/22 MP: 1/1
     0 | D:1      | 0 ||| qw: Version: 0.1-a-97-g2dd2ca4
     0 | D:1      | 0 ||| qw: Game counter: 4891
     0 | D:1      | 0 ||| qw: Always use a shield: true
     0 | D:1      | 0 ||| qw: God list: Okawaru
     0 | D:1      | 0 ||| qw: Allow faded altars: false
     0 | D:1      | 0 ||| qw: Do Orc after D:15 true
     0 | D:1      | 0 ||| qw: Do second Lair branch before Depths: true
     0 | D:1      | 0 ||| qw: Lair rune preference: random
     0 | D:1      | 0 ||| qw: Plans: Normal
     0 | D:1      | 0 ||| PLANNING D:1-11
   133 | D:1      | Reached XP level 2. HP: 29/29 MP: 2/2
   454 | D:1      | 454 ||| Stepping ~*~*~tactically~*~*~ (hiding).
   466 | D:1      | Reached skill level 4 in Unarmed Combat
   482 | D:1      | 482 ||| INVOKING Fiery Armour.
   800 | D:1      | 800 ||| READING scroll labelled GOACVOOSOFE.
   800 | D:1      | Identified a scroll of acquirement
   800 | D:1      | 800 ||| ACQUIRING +0 cloak of Insecurity {Rampage SInv}
   800 | D:1      | Acquired the +0 cloak of Insecurity {Rampage SInv}
   802 | D:1      | 802 ||| UPGRADING to +0 cloak of Insecurity {Rampage SInv}.
   807 | D:1      | 807 ||| READING scroll labelled KIXUNG MONLEM.
   808 | D:1      | 808 ||| DRINKING 2 fuming white potions.
   809 | D:1      | 809 ||| DROPPING potion of attraction.
   863 | D:2      | Found a faded altar of an unknown god.
   933 | D:2      | Noticed Natasha
   934 | D:2      | Reached XP level 3. HP: 36/36 MP: 3/3
   938 | D:2      | Reached skill level 1 in Throwing
   941 | D:2      | Killed Natasha
   992 | D:2      | Noticed Natasha
   996 | D:2      | Killed Natasha
   997 | D:2      | Reached XP level 4. HP: 31/44 MP: 4/4
  1112 | D:2      | Reached skill level 5 in Unarmed Combat
  1156 | D:2      | Noticed Natasha
  1165 | D:2      | Killed Natasha
  1184 | D:2      | 1184 ||| Stepping ~*~*~tactically~*~*~ (stealth).
  1234 | D:2      | Noticed Robin
  1237 | D:2      | 1237 ||| Stepping ~*~*~tactically~*~*~ (hiding).
  1238 | D:2      | 1238 ||| Stepping ~*~*~tactically~*~*~ (outnumbered).
  1241 | D:2      | 1241 ||| INVOKING Fiery Armour.
  1247 | D:2      | Killed Robin
  1248 | D:2      | Reached XP level 5. HP: 45/50 MP: 5/5
  1500 | D:2      | 1500 ||| READING scroll labelled FONWATTIOTS.
  1504 | D:2      | 1504 ||| READING scroll labelled USSIPS DIHAI.
  1505 | D:2      | 1505 ||| READING scroll labelled LUN KAUNLA.
  1506 | D:2      | 1506 ||| READING 3 scrolls labelled USMANUUMOCK.
  1507 | D:2      | 1507 ||| READING 2 scrolls of identify.
  1507 | D:2      | 1507 ||| IDENTIFYING smoky pink potion
  1551 | D:3      | 1551 ||| Stepping ~*~*~tactically~*~*~ (hiding).
  1554 | D:3      | 1554 ||| Stepping ~*~*~tactically~*~*~ (hiding).
  1555 | D:3      | 1555 ||| Stepping ~*~*~tactically~*~*~ (hiding).
  1557 | D:3      | 1557 ||| Stepping ~*~*~tactically~*~*~ (hiding).
  1558 | D:3      | 1558 ||| Stepping ~*~*~tactically~*~*~ (hiding).
  1573 | D:3      | Reached skill level 6 in Unarmed Combat
  1581 | D:3      | 1581 ||| Stepping ~*~*~tactically~*~*~ (stealth).
  1672 | D:3      | 1672 ||| Stepping ~*~*~tactically~*~*~ (outnumbered).
  1813 | D:3      | 1813 ||| Stepping ~*~*~tactically~*~*~ (stealth).
  1822 | D:3      | 1822 ||| Stepping ~*~*~tactically~*~*~ (stealth).
  1857 | D:3      | Reached XP level 6. HP: 59/59 MP: 6/6
  2043 | D:3      | Found a glowing silver altar of Zin.
  2175 | D:3      | Found an ancient bone altar of Kikubaaqudgha.
  2176 | D:3      | 2176 ||| Stepping ~*~*~tactically~*~*~ (hiding).
  2178 | D:3      | 2178 ||| Stepping ~*~*~tactically~*~*~ (hiding).
  2341 | D:3      | 2341 ||| UPGRADING to +6 ring of dexterity.
  2342 | D:3      | 2342 ||| READING scroll labelled OMIELU ZIORY.
  2343 | D:3      | 2343 ||| READING 2 scrolls of identify.
  2343 | D:3      | 2343 ||| IDENTIFYING fuming purple potion
  2344 | D:3      | 2344 ||| DROPPING potion of lignification.
  2409 | D:4      | 2409 ||| INVOKING Fiery Armour.
  2422 | D:4      | Reached skill level 1 in Dodging
  2525 | D:4      | Identified the +1 leather armour of the Fife {rC+ Int-3
                  | Slay+2 SInv}
  2592 | D:4      | Found a staircase to the Ecumenical Temple.
  2649 | D:4      | Reached skill level 7 in Unarmed Combat
  2739 | D:4      | Noticed Pikel
  2745 | D:4      | 2745 ||| Stepping ~*~*~tactically~*~*~ (stealth).
  2753 | D:4      | 2753 ||| Stepping ~*~*~tactically~*~*~ (stealth).
  2760 | D:4      | 2760 ||| INVOKING Fiery Armour.
  2762 | D:4      | HP: 13/59 [Pikel/+2 whip of flaming (2)]
  2764 | D:4      | Killed Pikel
  2765 | D:4      | Reached skill level 8 in Unarmed Combat
  2765 | D:4      | Reached XP level 7. HP: 17/66 MP: 7/7
  2947 | D:4      | Reached skill level 3 in Fighting
  3042 | D:4      | 3042 ||| READING scroll labelled FEDACIN GIAPOU.
  3043 | D:4      | 3043 ||| READING scroll labelled MIAD KIXKAX.
  3071 | D:5      | Entered Level 5 of the Dungeon
  3094 | D:5      | Reached skill level 9 in Unarmed Combat
  3178 | D:5      | 3178 ||| Stepping ~*~*~tactically~*~*~ (hiding).
  3181 | D:5      | 3181 ||| Stepping ~*~*~tactically~*~*~ (outnumbered).
  3182 | D:5      | 3182 ||| Stepping ~*~*~tactically~*~*~ (outnumbered).
  3184 | D:5      | 3184 ||| Stepping ~*~*~tactically~*~*~ (outnumbered).
  3185 | D:5      | 3185 ||| Stepping ~*~*~tactically~*~*~ (outnumbered).
  3194 | D:5      | 3194 ||| INVOKING Fiery Armour.
  3197 | D:5      | Reached XP level 8. HP: 33/75 MP: 8/8
  3339 | D:5      | Found an ornate altar of the Wu Jian Council.
  3342 | D:5      | 3342 ||| Stepping ~*~*~tactically~*~*~ (stealth).
  3344 | D:5      | 3344 ||| Stepping ~*~*~tactically~*~*~ (stealth).
  3563 | D:5      | Found Metehac's Book Boutique.
  3570 | D:5      | 3570 ||| Stepping ~*~*~tactically~*~*~ (hiding).
  3571 | D:5      | 3571 ||| Stepping ~*~*~tactically~*~*~ (hiding).
  3594 | D:5      | 3594 ||| Stepping ~*~*~tactically~*~*~ (hiding).
  3701 | D:5      | Found a white marble altar of Elyvilon.
  3740 | D:5      | Noticed a gargoyle
  3748 | D:5      | Killed a gargoyle
  3749 | D:5      | Reached skill level 10 in Unarmed Combat
  3775 | D:5      | Found a shimmering altar of Xom.
  4225 | D:5      | 4225 ||| UPGRADING to +0 kite shield.
  4230 | D:5      | 4230 ||| READING scroll labelled XOCKES VUORR.
  4231 | D:5      | 4231 ||| DRINKING 2 fizzy emerald potions.
  4232 | D:5      | 4232 ||| READING 3 scrolls of identify.
  4232 | D:5      | 4232 ||| IDENTIFYING sedimented grey potion
  4233 | D:5      | 4233 ||| READING 2 scrolls of identify.
  4233 | D:5      | 4233 ||| IDENTIFYING bubbling sapphire potion
  4234 | D:5      | 4234 ||| DROPPING potion of invisibility.
  4235 | D:5      | 4235 ||| DROPPING potion of flight.
  4236 | D:5      | 4236 ||| READING 2 scrolls of teleportation.
  4293 | D:6      | Found a sacrificial altar of Ru.
  4357 | D:6      | 4357 ||| Stepping ~*~*~tactically~*~*~ (hiding).
  4359 | D:6      | 4359 ||| Stepping ~*~*~tactically~*~*~ (outnumbered).
  4362 | D:6      | 4362 ||| Stepping ~*~*~tactically~*~*~ (outnumbered).
  4367 | D:6      | 4367 ||| INVOKING Fiery Armour.
  4378 | D:6      | Reached skill level 1 in Shields
  4632 | D:6      | Found a runed translucent door.
  4633 | D:6      | Noticed Crazy Yiuf
  4773 | D:6      | Noticed Menkaure
  4774 | D:6      | 4774 ||| Stepping ~*~*~tactically~*~*~ (hiding).
  4787 | D:6      | Killed Menkaure
  4788 | D:6      | Reached skill level 3 in Shields
  4879 | D:6      | 4879 ||| READING scroll labelled CAUCOSO FACH.
  4880 | D:6      | 4880 ||| DRINKING 2 clear potions.
  4880 | D:6      | Gained mutation: You are weak. (Str -2) [potion of
                  | mutation]
  4880 | D:6      | Gained mutation: Your magical capacity is low. (-10% MP)
                  | [potion of mutation]
  4880 | D:6      | Gained mutation: Your mind is acute. (Int +4, Str/Dex -1)
                  | [potion of mutation]
  4881 | D:6      | 4881 ||| READING 3 scrolls of identify.
  4881 | D:6      | 4881 ||| IDENTIFYING bubbling golden potion
  4882 | D:6      | 4882 ||| READING 2 scrolls of identify.
  4882 | D:6      | 4882 ||| IDENTIFYING red potion
  4883 | D:6      | 4883 ||| DROPPING potion of magic.
  4932 | D:7      | 4932 ||| Stepping ~*~*~tactically~*~*~ (outnumbered).
  4937 | D:7      | 4937 ||| INVOKING Fiery Armour.
  5089 | D:7      | 5089 ||| INVOKING Fiery Armour.
  5093 | D:7      | Reached XP level 9. HP: 42/81 MP: 8/8
  5176 | D:7      | 5176 ||| UPGRADING to +0 steam dragon scales.
  5204 | D:7      | 5204 ||| UPGRADING to +0 steam dragon scales.
  5214 | D:7      | 5214 ||| DROPPING +0 robe.
  5244 | D:7      | Noticed Joseph
  5252 | D:7      | 5252 ||| INVOKING Fiery Armour.
  5256 | D:7      | HP: 17/81 [Joseph/+0 quarterstaff (5)]
  5257 | D:7      | 5257 ||| READING scroll of teleportation.
  5257 | D:7      | HP: 8/81 [constriction (5)]
  5258 | D:7      | 5258 ||| DRINKING 2 potions of heal wounds.
  5357 | D:7      | Noticed Duvessa
  5358 | D:7      | Noticed Dowan
  5359 | D:7      | 5359 ||| Stepping ~*~*~tactically~*~*~ (hiding).
  5361 | D:7      | Found Ruicol's Book Shoppe.
  5363 | D:7      | 5363 ||| INVOKING Fiery Armour.
  5367 | D:7      | Killed Duvessa
  5368 | D:7      | Reached skill level 1 in Armour
  5375 | D:7      | Killed Dowan
  5469 | D:7      | 5469 ||| Stepping ~*~*~tactically~*~*~ (hiding).
  5488 | D:7      | 5488 ||| Stepping ~*~*~tactically~*~*~ (hiding).
  5489 | D:7      | 5489 ||| Stepping ~*~*~tactically~*~*~ (hiding).
  5492 | D:7      | 5492 ||| Stepping ~*~*~tactically~*~*~ (hiding).
  5493 | D:7      | 5493 ||| Stepping ~*~*~tactically~*~*~ (hiding).
  5500 | D:7      | Reached skill level 6 in Shields
  5868 | D:7      | 5868 ||| Stepping ~*~*~tactically~*~*~ (hiding).
  5879 | D:7      | 5879 ||| INVOKING Fiery Armour.
  5884 | D:7      | HP: 16/81 [constriction (5)]
  5885 | D:7      | 5885 ||| DRINKING 2 potions of heal wounds.
  5885 | D:7      | Killed Joseph
  6230 | D:7      | 6230 ||| Stepping randomly (stuck).
  6275 | D:8      | 6275 ||| Stepping ~*~*~tactically~*~*~ (hiding).
  6285 | D:8      | 6285 ||| INVOKING Fiery Armour.
  6288 | D:8      | HP: 17/81 [acid dragon/splash of acid (12)]
  6288 | D:8      | HP: 2/81 [wight/+2 battleaxe (15)]
  6289 | D:8      | 6289 ||| DRINKING potion of heal wounds.
  6424 | D:8      | Noticed Maggie
  6425 | D:8      | 6425 ||| Stepping ~*~*~tactically~*~*~ (hiding).
  6444 | D:8      | Killed Maggie
  6474 | D:8      | 6474 ||| Stepping ~*~*~tactically~*~*~ (hiding).
  6482 | D:8      | 6482 ||| Stepping ~*~*~tactically~*~*~ (stealth).
  6506 | D:8      | Noticed Psyche
  6511 | D:8      | Killed Psyche
  6512 | D:8      | Reached XP level 10. HP: 76/92 MP: 9/9
  6558 | D:8      | 6558 ||| Stepping ~*~*~tactically~*~*~ (stealth).
  6560 | D:8      | 6560 ||| Stepping ~*~*~tactically~*~*~ (stealth).
  6566 | D:8      | 6566 ||| Stepping ~*~*~tactically~*~*~ (stealth).
  6569 | D:8      | 6569 ||| Stepping ~*~*~tactically~*~*~ (stealth).
  6708 | D:8      | 6708 ||| Stepping ~*~*~tactically~*~*~ (stealth).
  6753 | D:8      | Found a transporter.
  6759 | D:8      | 6759 ||| Stepping ~*~*~tactically~*~*~ (stealth).
  6760 | D:8      | 6760 ||| Stepping ~*~*~tactically~*~*~ (stealth).
  6764 | D:8      | 6764 ||| Stepping ~*~*~tactically~*~*~ (outnumbered).
  6767 | D:8      | 6767 ||| Stepping ~*~*~tactically~*~*~ (outnumbered).
  6768 | D:8      | 6768 ||| Stepping ~*~*~tactically~*~*~ (outnumbered).
  6770 | D:8      | 6770 ||| Stepping ~*~*~tactically~*~*~ (outnumbered).
  6771 | D:8      | 6771 ||| Stepping ~*~*~tactically~*~*~ (outnumbered).
  6772 | D:8      | 6772 ||| Stepping ~*~*~tactically~*~*~ (outnumbered).
  6773 | D:8      | 6773 ||| STAIRDANCE
  6793 | D:8      | 6793 ||| STAIRDANCE
  6807 | D:7      | Reached skill level 11 in Unarmed Combat
  6831 | D:8      | 6831 ||| STAIRDANCE
  6883 | D:8      | 6883 ||| STAIRDANCE
  7371 | D:8      | 7371 ||| PLANNING TEMPLE
  7475 | Temple   | Entered the Ecumenical Temple
  7476 | Temple   | 7476 ||| PLANNING CONVERSION TO OKAWARU
  7483 | Temple   | Fell from the grace of Ignis
  7483 | Temple   | Became a worshipper of Warmaster Okawaru
  7484 | Temple   | 7484 ||| PLANNING D:1-11
  7646 | D:9      | 7646 ||| Stepping ~*~*~tactically~*~*~ (stealth).
  7648 | D:9      | 7648 ||| Stepping ~*~*~tactically~*~*~ (stealth).
  7650 | D:9      | 7650 ||| Stepping ~*~*~tactically~*~*~ (hiding).
  7654 | D:9      | 7654 ||| Stepping ~*~*~tactically~*~*~ (outnumbered).
  7655 | D:9      | 7655 ||| Stepping ~*~*~tactically~*~*~ (outnumbered).
  7659 | D:9      | 7659 ||| Stepping ~*~*~tactically~*~*~ (outnumbered).
  7663 | D:9      | 7663 ||| Stepping ~*~*~tactically~*~*~ (outnumbered).
  7677 | D:9      | HP: 21/92 [poisoned by a killer bee]
  7678 | D:9      | 7678 ||| READING 3 scrolls of teleportation.
  7682 | D:9      | Found a staircase to the Orcish Mines.
  7682 | D:9      | Noticed a gargoyle
  7682 | D:9      | HP: 13/92 [poisoned by a killer bee]
  7683 | D:9      | 7683 ||| Stepping ~*~*~tactically~*~*~ (hiding).
  7684 | D:9      | 7684 ||| READING 2 scrolls of teleportation.
  7685 | D:9      | HP: 6/92 [killer bee (3)]
  7765 | D:9      | Reached skill level 9 in Shields
  7907 | D:9      | Found a radiant altar of Vehumet.
  7907 | D:9      | Noticed a two-headed ogre
  7914 | D:9      | Killed a two-headed ogre
  7914 | D:9      | Reached * piety under Okawaru
  7991 | D:9      | 7991 ||| INVOKING Heroism.
  7998 | D:9      | 7998 ||| Stepping ~*~*~tactically~*~*~ (outnumbered).
  8000 | D:9      | 8000 ||| Stepping ~*~*~tactically~*~*~ (outnumbered).
  8003 | D:9      | 8003 ||| INVOKING Heroism.
  8004 | D:9      | 8004 ||| INVOKING Heroism.
  8005 | D:9      | 8005 ||| Stepping ~*~*~tactically~*~*~ (outnumbered).
  8006 | D:9      | 8006 ||| Stepping ~*~*~tactically~*~*~ (outnumbered).
  8011 | D:9      | 8011 ||| Stepping ~*~*~tactically~*~*~ (outnumbered).
  8013 | D:9      | 8013 ||| Stepping ~*~*~tactically~*~*~ (outnumbered).
  8016 | D:9      | 8016 ||| INVOKING Heroism.
  8017 | D:9      | 8017 ||| Stepping ~*~*~tactically~*~*~ (outnumbered).
  8018 | D:9      | 8018 ||| Stepping ~*~*~tactically~*~*~ (outnumbered).
  8019 | D:9      | 8019 ||| Stepping ~*~*~tactically~*~*~ (outnumbered).
  8020 | D:9      | 8020 ||| Stepping ~*~*~tactically~*~*~ (outnumbered).
  8021 | D:9      | 8021 ||| Stepping ~*~*~tactically~*~*~ (outnumbered).
  8022 | D:9      | 8022 ||| Stepping ~*~*~tactically~*~*~ (outnumbered).
  8024 | D:9      | Noticed a rust devil
  8027 | D:9      | 8027 ||| Stepping ~*~*~tactically~*~*~ (outnumbered).
  8029 | D:9      | Reached skill level 1 in Invocations
  8030 | D:9      | 8030 ||| INVOKING Heroism.
  8108 | D:9      | Found a bloodstained altar of Trog.
  8203 | D:9      | 8203 ||| INVOKING Heroism.
  8205 | D:9      | HP: 18/92 [fire elemental[the fiery vengeance of Ignis]
                  | (11)]
  8205 | D:9      | HP: 6/92 [fire elemental[the fiery vengeance of Ignis]
                  | (12)]
  8205 | D:9      | Slain by a fire elemental

Levels and vault maps discovered:
D:1:      ncdulo_halloftheorcs, layout_basic
D:2:      layout_basic, shapermc_ecumenical_altar_ellora,
          amcnicky_mini_corridor_feature, uniq_natasha, uniq_robin
D:3:      layout_loops_ring, zin_scriptorium, kiku_gazebo_pond_becter
D:4:      layout_loops_ring, minmay_temple_entry_antechambers, uniq_pikel
D:5:      layout_loops_corners, lemuel_round_altar,
          nicolae_wu_jian_wuxing_cycle, lemuel_coloured_pillars_altar,
          serial_shops, shop_statue
D:6:      layout_gridville, nicolae_ru_awakened_eye, uniq_crazy_yiuf_cottage,
          uniq_menkaure
D:7:      layout_rooms, serial_shops, shop, serial_co_window_serial,
          co_window_paths_a, co_window_paths_b, co_window_paths_a,
          co_window_paths_b, co_window_corner_a, co_window_corner_ca,
          co_window_corner_b, co_window_broadway_a, co_window_corner_cb,
          co_window_unsneaky_path_a, glass_columns_c, uniq_joseph, uniq_duvessa
D:8:      layout_basic, nicolae_diode_basic, uniq_maggie, uniq_psyche
D:9:      layout_irregular_city, mainiacjoe_overflow_catwalk,
          nicolae_overflow_crystal_walls, david_orc_2, st_stairs_3, minivault_21
Temple:   nicolae_temple_bog_church

Skill      XL: |  1  2  3  4  5  6  7  8  9 10 |
---------------+-------------------------------+-----
Unarmed Combat | 4 5 6 8 9 10 11 | 11.3
Throwing       | 1 2 4 |  4.2
Dodging        | 1 2 |  2.0
Fighting       | 3 4 |  4.0
Shields        | 4 8 9 |  9.0
Armour         | 1 |  1.2
Invocations    | 2 |  2.0
Spellcasting   | |  1.0
Fire Magic     | |  2.1

Action                   |  1- 3 |  4- 6 |  7- 9 | 10-12 || total
-------------------------+-------+-------+-------+-------++-------
Melee: Unarmed           |    61 |   147 |   207 |   123 ||   538
       Punch             |     1 |     5 |     1 |       ||     7
Throw: Javelin           |    11 |    43 |    31 |    24 ||   109
       Boomerang         |       |       |       |     2 ||     2
Invok: Fiery Armour      |     1 |     3 |     8 |       ||    12
       Heroism           |       |       |       |     5 ||     5
  Use: Scroll            |     2 |     7 |    10 |     2 ||    21
       Potion            |     1 |       |     5 |       ||     6
Armor: Robe              |    14 |    47 |    36 |       ||    97
       Steam dragon scal |       |       |    35 |    42 ||    77
Dodge: Dodged            |    22 |    43 |    74 |    59 ||   198
Block: Kite shield       |       |       |    78 |    78 ||   156

Table legend:
 A = Non-vault XP
 B = Vault XP
 C = Vault XP percentage of total XP
 D = Non-vault monster count
 E = Vault monster count
 F = Vault count percentage of total count
                 A         B        C        D         E       F
            +---------+---------+-------+---------+---------+-------
      Total |    7019 |    2499 |  26.3 |     178 |      24 |  11.9
            +---------+---------+-------+---------+---------+-------
        D:1 |      35 |       0 |   0.0 |      19 |       0 |   0.0
        D:2 |     110 |      68 |  38.2 |      18 |      12 |  40.0
        D:3 |     230 |       0 |   0.0 |      29 |       0 |   0.0
        D:4 |     196 |     617 |  75.9 |      14 |       1 |   6.7
        D:5 |     816 |       0 |   0.0 |      30 |       0 |   0.0
        D:6 |     184 |     190 |  50.8 |       7 |       1 |  12.5
        D:7 |    2014 |     673 |  25.0 |      23 |       3 |  11.5
        D:8 |    1327 |     744 |  35.9 |      17 |       2 |  10.5
        D:9 |    2107 |     207 |   8.9 |      21 |       5 |  19.2
            +---------+---------+-------+---------+---------+-------
